 Dungeon Crawl Stone Soup version 0.17.1-2-g5865329 (webtiles) character file.

72 Goblin1989 the Shooter (level 4, -2/40 HPs)
             Began as a Centaur Hunter on Jan 24, 2016.
             Engulfed by a cloud of flame (11 damage)
             ... on level 3 of the Dungeon on Jan 25, 2016.
             The game lasted 00:07:23 (1902 turns).

Goblin1989 the Shooter (Centaur Hunter)             Turns: 1902, Time: 00:07:24

Health: -2/40      AC:  4    Str: 14    XL:     4   Next: 7%
Magic:  4/4        EV:  9    Int: 10    God:
Gold:   83         SH:  0    Dex: 11    Spells: 0 memorised, 3 levels left

rFire  + . .     SeeInvis .     s - -3 hand axe (curse)
rCold  x . .     Clarity  .     c - +0 leather armour
rNeg   . . .     SustAt   .     (no shield)
rPois  .         Gourm    .     (no helmet)
rElec  .         Spirit   .     (no cloak)
rCorr  .         Warding  .     (no gloves)
rMut   .         Stasis   .     (no barding)
MR     .....                    (no amulet)
Stlth  +.........               (no ring)
                                m - ring of fire

@: very quick, not resistant to hostile enchantments, very unstealthy
A: hooves 3, deformed body, speed 2, tough skin 3
a: no special abilities


You were on level 3 of the Dungeon.
You were not hungry.

You visited 1 branch of the dungeon, and saw 3 of its levels.

You collected 83 gold pieces.

Inventory:

Hand Weapons
 a - a +1 shortbow
 b - a +0 short sword
 s - a cursed -3 hand axe (weapon)
Missiles
 d - 35 arrows
Armour
 c - a +0 leather armour (worn)
Jewellery
 m - a ring of fire (left hand)
Scrolls
 p - a scroll of identify
Potions
 f - 2 potions of might
 g - a potion of flight
 h - a potion of curing {unknown}
 i - a potion of lignification {unknown}
 j - a potion of cancellation {unknown}
 l - 2 potions of brilliance {unknown}
 n - a potion of poison {unknown}
 o - a potion of degeneration {unknown}
Comestibles
 r - a meat ration


   Skills:
 * Level 3.8 Fighting
 + Level 6.0 Bows
 - Level 1.3 Dodging
 - Level 0.5 Stealth


You had 3 spell levels left.
You didn't know any spells.

Dungeon Overview and Level Annotations

Branches:
Dungeon (3/15)

Altars:
Ashenzari
Fedhas
Yredelemnul


Innate Abilities, Weirdness & Mutations

You have hooves in place of feet.
Armour fits poorly on your strangely shaped body.
You cover ground very quickly.
You have extremely tough skin (AC +3).


Message History

The creatures around you are filled with an inner flame!
It was a scroll of immolation.
The rat bites you.
You closely miss the rat. Your kick misses the rat. The rat bites you.
The rat bites you but does no damage.
You barely miss the rat. The rat bites you but does no damage.
You hit the rat. Your kick misses the rat.
The rat is severely wounded.
The rat bites you but does no damage.
You barely miss the rat. Your kick misses the rat.
The rat is severely wounded.
The rat bites you.
You hit the rat.
The rat explodes!
The fiery explosion engulfs the orc.
The orc explodes!
The fiery explosion engulfs you! You resist. The fiery explosion engulfs you!
You resist.
* * * LOW HITPOINT WARNING * * *
You are engulfed in roaring flames.
You resist.
You die...

...........#..#
. #..........#
..###...<....#..
...............#
....##......#..#
........[...# #
.....#.§§§..#
.##>##§§§§..#.#
#...§@§§....#
#...#.........#
..# ##........#
# #####....#
....# ....# ...#
.##


There were no monsters in sight!

Vanquished Creatures
  Ijyb (D:2)
  A giant gecko (D:2)
  An orc (D:3)
  A ball python (D:1)
  7 bats
  A giant cockroach (D:1)
  6 goblins
  8 hobgoblins
  4 jackals (D:1)
  3 giant newts
  2 kobolds
  3 rats
38 creatures vanquished.

Notes
Turn   | Place    | Note
--------------------------------------------------------------
     0 | D:1      | Goblin1989 the Centaur Hunter began the quest for the Orb.
     0 | D:1      | Reached XP level 1. HP: 17/17 MP: 1/1
   106 | D:1      | Reached XP level 2. HP: 8/25 MP: 2/2
  1137 | D:2      | Found a blossoming altar of Fedhas.
  1137 | D:2      | Found a basalt altar of Yredelemnul.
  1137 | D:2      | Found a shattered altar of Ashenzari.
  1155 | D:2      | Reached XP level 3. HP: 21/31 MP: 3/3
  1496 | D:2      | Noticed Ijyb
  1578 | D:2      | Killed Ijyb
  1578 | D:2      | Reached XP level 4. HP: 14/40 MP: 4/4
  1710 | D:2      | Reached skill level 6 in Bows
  1902 | D:3      | Engulfed by a cloud of flame

Action                   |  1- 3 |  4- 6 || total
-------------------------+-------+-------++-------
Melee: Short sword       |   177 |     2 ||   179
       Hand axe          |       |     5 ||     5
 Fire: Shortbow          |    20 |     2 ||    22
  Use: Scroll            |       |     3 ||     3
  Eat: Bread ration      |       |     1 ||     1
       Pizza             |       |     1 ||     1
